 Dungeon Crawl Stone Soup version 0.17-a0-1635-gd4e48f1 (webtiles) character file.

4675 Funster the Martial Artist (level 10, -8/70 HPs)
             Began as a Human Monk on Aug 5, 2015.
             Was a Priest of Ashenzari.
             Hit by a tomahawk of returning thrown by an orc warrior (12 damage)
             ... on level 2 of the Orcish Mines.
             The game lasted 01:30:01 (13555 turns).

Funster the Martial Artist (Human Monk)            Turns: 13555, Time: 01:30:01

Health: -8/70      AC: 10    Str: 16    XL:     10   Next: 71%
Magic:  20/20      EV: 19    Int: 14    God:    Ashenzari [***...]
Gold:   353        SH:  0    Dex: 31    Spells: 1 memorised, 16 levels left

rFire  . . .     SeeInvis +       - Unarmed
rCold  . . .     Clarity  .     a - +1 robe
rNeg   . . .     SustAt   .     (no shield)
rPois  .         Gourm    .     I - +1 helmet {Int+3}
rElec  .         Spirit   .     j - +0 cloak
rCorr  .         Warding  .     v - +2 pair of gloves "Fulaffeo" {+Fly MR- Int-3 Dex+11}
rMut   .         Stasis   +     s - +0 pair of boots
MR     .....                    C - amulet of stasis
Stlth  ++++......               i - +5 ring of strength
                                l - +4 ring of dexterity

@: not resistant to hostile enchantments, stealthy
A: no striking features
a: Scrying, Renounce Religion, Evoke Flight


You were on level 2 of the Orcish Mines.
You worshipped Ashenzari.
Ashenzari was most pleased with you.
You were full.

You visited 3 branches of the dungeon, and saw 13 of its levels.

You collected 703 gold pieces.
You spent 350 gold pieces at shops.

Inventory:

Hand weapons
 c - a +0 dagger
Missiles
 p - 313 stones (quivered)
Armour
 a - a +1 robe (worn)
 j - a +0 cloak (worn)
 s - a +0 pair of boots (worn)
 v - the +2 pair of gloves "Fulaffeo" (worn) {+Fly MR- Int-3 Dex+11}
   (You found it on level 4 of the Dungeon)

   It affects your intelligence (-3).
   It affects your dexterity (+11).
   It affects your resistance to hostile enchantments.
   It lets you fly.
 I - a +1 helmet of intelligence (worn)
Jewellery
 i - a +5 ring of strength (right hand)
 l - a +4 ring of dexterity (left hand)
 z - the ring of Equivalence {rElec rC+ Stlth-}
   (You bought it in a shop on level 1 of the Orcish Mines)

   [ring of loudness]

   It protects you from cold.
   It insulates you from electricity.
   It makes you less stealthy.
 C - an amulet of stasis (around neck)
Magical devices
 u - a wand of digging (6)
 y - a wand of confusion (29)
Scrolls
 d - 2 scrolls of remove curse
 e - a scroll of amnesia
 o - 3 scrolls of fear
 t - a scroll of silence {unknown}
 x - a scroll of enchant weapon
 G - a scroll of brand weapon {unknown}
 H - a scroll of fog {unknown}
Potions
 r - a potion of magic
 w - 2 potions of brilliance {unknown}
 A - a potion of flight {unknown}
 B - a potion of resistance {unknown}
Books
 n - a book of Enchantments

   Spells                             Type                      Level
   a - Cause Fear                     Hexes                        4
   b - Silence                        Hexes/Air                    5
   c - Deflect Missiles               Charms/Air                   6
   d - Haste                          Charms                       6
   e - Discord                        Hexes                        8
Comestibles
 f - 3 beef jerkies
 g - 3 royal jellies
 h - a meat ration


   Skills:
 - Level 3.0 Fighting
 - Level 6.0 Dodging
 * Level 5.8 Stealth
 - Level 9.0 Unarmed Combat
 + Level 6.7 Spellcasting
 - Level 7.2 Charms


You had 16 spell levels left.
You knew the following spells:

 Your Spells              Type           Power        Failure   Level  Hunger
a - Haste                 Chrm           ###.....     96%         6    #######


Dungeon Overview and Level Annotations

Branches:
Dungeon (9/15)             Temple (1/1) D:4             Orc (3/4) D:9
   Lair: D:8-11         Elf: Orc:3-4

Altars:
Ashenzari
Cheibriados
Dithmenos
Elyvilon
Fedhas
Gozag
Kikubaaqudgha
Makhleb
Nemelex Xobeh
Okawaru
Qazlal
Ru
Sif Muna
Trog
Vehumet
Xom
Yredelemnul
Zin
The Shining One

Shops:
D:4 !   Orc:1 *   Orc:2 :   Orc:3 :

Annotations:
D:3 Vlagh999's ghost, average OpTm


Message History

The orc warrior is lightly wounded.
The orc warrior closely misses you.
You closely miss the orc warrior.
The orc warrior is lightly wounded.
The orc warrior misses you.
You barely miss the orc warrior.
The orc warrior is lightly wounded.
You punch the orc warrior!
The orc warrior is heavily wounded.
The orc warrior hits you with a halberd!!
* * * LOW HITPOINT WARNING * * *
The orc warrior misses you.
You see here an uncursed mace.
The orc warrior throws a tomahawk of returning.
The tomahawk of returning hits you.
* * * LOW HITPOINT WARNING * * *
The weapon returns to the orc warrior!
The orc warrior throws a tomahawk of returning.
The tomahawk of returning hits you!
You die...

###....###.#####
#####.......#....#.###
##.#..................##
#......................####
###.#..................#.#.#
##.##.##.........o...........
#...............><......#....
##.##.....................#.#
######.....@.)............##
#........[..)....##..##
##...##.....<.#.......#
#....................##
##...................#
##.##................##
#...#.#.###.........##
#..................##
##.#........##......#####


You could see an orc warrior.

Vanquished Creatures
  Psyche (D:8)
  A hippogriff (D:9)
  2 water moccasins
  5 orc warriors
  3 black bears
  A wasp (D:8)
  2 ogres
  A centaur (D:8)
  Blork the orc (D:6)
  3 giant frogs
  2 big kobolds (D:8)
  4 scorpions
  3 killer bees (D:9)
  4 wights (D:7)
  A quasit (D:6)
  7 crimson imps
  A giant frog zombie (D:7)
  2 jellies
  14 orc wizards
  12 orc priests
  2 giant frog skeletons
  3 iguanas
  5 hounds
  7 worker ants
  2 hound skeletons (D:4)
  A hound zombie (D:6)
  8 adders
  8 gnolls (D:6)
  3 shadow imps
  3 oozes
  An adder skeleton (D:6)
  An adder zombie (D:9)
  3 worms (D:2)
  3 giant geckos
  69 orcs
  9 goblins
  9 hobgoblins
  20 jackals
  21 kobolds
  6 ball pythons
  5 bats
  9 giant cockroaches
  A giant gecko skeleton (D:4)
  A giant gecko zombie (D:7)
  3 giant newts
  A jackal skeleton (D:9)
  6 quokkas
  3 quokka skeletons
  20 rats
303 creatures vanquished.

Notes
Turn   | Place    | Note
--------------------------------------------------------------
     0 | D:1      | Funster the Human Monk began the quest for the Orb.
     0 | D:1      | Reached XP level 1. HP: 18/18 MP: 1/1
   169 | D:1      | Reached XP level 2. HP: 17/24 MP: 2/2
   870 | D:2      | Reached XP level 3. HP: 20/29 MP: 3/3
  1629 | D:2      | Reached XP level 4. HP: 28/35 MP: 4/4
  1717 | D:2      | Reached skill level 5 in Unarmed Combat
  2528 | D:3      | Reached XP level 5. HP: 41/41 MP: 5/5
  2945 | D:3      | Noticed Vlagh999's ghost (average OpTm)
  3379 | D:3      | Reached skill level 6 in Unarmed Combat
  3762 | D:4      | Reached XP level 6. HP: 27/47 MP: 6/6
  3992 | D:4      | Found Elluser's Distillery.
  3998 | D:4      | Bought 2 potions of curing for 72 gold pieces
  3998 | D:4      | Bought a potion of degeneration for 12 gold pieces
  4064 | D:4      | Got a pair of steaming gloves
  4347 | D:4      | HP: 2/47 [orc/falchion (7)]
  4348 | D:5      | Entered Level 5 of the Dungeon
  4679 | D:5      | Reached skill level 7 in Unarmed Combat
  4970 | D:4      | Found a staircase to the Ecumenical Temple.
  5200 | D:4      | Identified the +2 pair of gloves "Fulaffeo" {+Fly MR- Int-3 Dex+11} (You found it on level 4 of the Dungeon)
  5233 | D:4      | Found a basalt altar of Yredelemnul.
  5268 | D:4      | Reached XP level 7. HP: 49/52 MP: 7/7
  5392 | Temple   | Entered the Ecumenical Temple
  5570 | Temple   | Became a worshipper of Ashenzari the Shackled
  5570 | Temple   | Acquired Ashenzari's first power
  5570 | Temple   | Acquired Ashenzari's second power
  5766 | D:4      | Found a burning altar of Makhleb.
  5802 | D:4      | Found a white marble altar of Elyvilon.
  5864 | D:4      | Reached skill level 5 in Dodging
  6366 | D:5      | Reached XP level 8. HP: 13/58 MP: 8/8
  6716 | D:5      | Learned a level 6 spell: Haste
  6785 | D:5      | Noticed a black bear
  6804 | D:5      | Killed a black bear
  6804 | D:5      | Reached skill level 1 in Charms
  6959 | D:6      | Reached skill level 8 in Unarmed Combat
  7024 | D:6      | Reached skill level 1 in Spellcasting
  7245 | D:6      | Found a stormy altar of Qazlal.
  7738 | D:6      | Noticed Blork the orc
  7895 | D:6      | Killed Blork the orc
  8004 | D:7      | Reached XP level 9. HP: 53/63 MP: 12/12
  8155 | D:7      | Noticed a moth of wrath
  8158 | D:7      | Found a bloodstained altar of Trog.
  8314 | D:7      | Reached skill level 9 in Unarmed Combat
  8726 | D:7      | Reached skill level 5 in Charms
  9086 | D:8      | Noticed Psyche
  9090 | D:8      | HP: 3/63 [poisoned by a wasp]
  9090 | D:8      | HP: 1/63 [giant frog (2)]
  9116 | D:8      | HP: 3/63 [poisoned by a wasp]
  9727 | D:9      | Found a staircase to the Orcish Mines.
 10187 | D:8      | Acquired Ashenzari's third power
 10395 | D:8      | Reached skill level 5 in Spellcasting
 10434 | D:8      | Reached XP level 10. HP: 67/70 MP: 17/17
 10510 | D:8      | Killed Psyche
 10544 | D:8      | Noticed an unseen horror
 11265 | Orc:1    | Entered Level 1 of the Orcish Mines
 11915 | Orc:1    | Found Woez's Assorted Antiques.
 12014 | Orc:1    | Bought a glowing helmet for 126 gold pieces
 12030 | Orc:1    | Bought a pitted lead ring for 140 gold pieces
 12030 | Orc:1    | Identified the ring of Equivalence {rElec rC+ Stlth-} (You bought it in a shop on level 1 of the Orcish Mines)
 12558 | Orc:1    | Reached skill level 5 in Stealth
 13394 | Orc:2    | Found Unuunurr's Book Shoppe.
 13517 | Orc:3    | Found Tici Zie's Book Shoppe.
 13555 | Orc:2    | Hit by a tomahawk of returning thrown by an orc warrior

Vault maps used:
D:1:      dpeg_arrival_tiny_k
D:3:      corexii_shack_village, portal_sewer_entry_e, first_bread,
          minmay_misc_feat_cross, hangedman_decor_clover_reticule
D:4:      lemuel_round_altar, bloody_makhleb, elyvilon_altar_5, temple_pool_b,
          serial_shops, nicolae_shop_stone, kennysheep_generic_room_15
D:5:      black_bear_nest_1
D:6:      nicolae_qazlal_eye_of_the_storm, uniq_blork_the_orc
D:7:      tgw_trog
D:8:      uniq_psyche
D:9:      orc_0_dummy, serial_shops, shop
Temple:   minmay_temple_curvy_14
Orc:1:    serial_shops, shop
Orc:2:    basic_altar, serial_shops, shop, nicolae_orc_damp_corner,
          david_defended_altar_orc
Orc:3:    serial_shops, shop, portal_ice_cave_entry_pillars_01,
          nicolae_orc_pool_cavern

Action                   |  1- 3 |  4- 6 |  7- 9 | 10-12 || total
-------------------------+-------+-------+-------+-------++-------
Melee: Unarmed           |   128 |   313 |   528 |   300 ||  1269
Throw: Stone             |     2 |     4 |    14 |     6 ||    26
Invok: Scrying           |       |       |     1 |       ||     1
Evoke: Wand              |       |     1 |     3 |       ||     4
  Use: Scroll            |     2 |     3 |     5 |     4 ||    14
       Potion            |       |     3 |     5 |       ||     8
 Stab: Sleeping          |     1 |     5 |    10 |     3 ||    19
       Distracted        |       |       |     1 |       ||     1
       Invisible         |       |       |       |     3 ||     3
  Eat: Bread ration      |     1 |     1 |     1 |     3 ||     6
       Meat ration       |       |     1 |     2 |       ||     3
       Fruit             |       |     4 |       |       ||     4
       Royal jelly       |       |       |       |     1 ||     1
